Map: Wolfe Industries Compound

Players

Manta

  • Race: Zerg Zerg
  • League: Silver
  • Spawn Location: 3:00

Nepust

  • Race: Protoss Protoss
  • League: Silver
  • Spawn Location: 12:00

bigzig

  • Race: Terran Terran
  • League: Silver
  • Spawn Location: 7:00

CptCanuck

  • Race: Terran Terran
  • Spawn Location: 7:00

VOD

Have the link to the VOD?

Description

Time

  • Played on: Feb. 15, 2016, 12:34 a.m.
  • Length: 15:33
Show
View Real Time Build Order
Export as new Build Order

Manta Zerg 

Build Orders: Hatch First 

Get SALT Encoding   

  12  0:02  Drone  
  13  0:12  Drone  
  14  0:34  Overlord x2  
  14  0:59  Drone x2  
  14  1:00  Hatchery  
  14  1:01  Drone  
  16  1:21  Spawning Pool  
  16  1:23  Drone, Extractor  
  15  1:27  Drone  
  16  1:48  Drone x2  
  18  2:07  Drone x2  
  18  2:08  Extractor  
  19  2:10  Queen  
  19  2:12  Queen  
  19  2:13  Drone  
  24  2:30  Drone x2  
  24  2:31  Drone  
  27  2:45  Spine Crawler  
  27  2:51  Spine Crawler  
  25  3:09  Drone  
  25  3:10  Drone x2  
  28  3:15  Hatchery  
  28  3:16  Overlord  
  28  3:27  Drone x3  
  30  3:35  Lair  
  30  3:47  Drone x4  
  34  3:56  Drone x2  
  36  4:14  Extractor  
  35  4:20  Drone x4  
  35  4:21  Drone x2  
  41  4:25  Extractor  
  41  4:30  Drone x4, Spine Crawler  
  43  4:32  Drone x2  
  43  4:33  Drone x3  
  48  4:47  Drone  
  48  4:52  Drone  
  50  4:54  Overlord x2  
  50  5:03  Spire  
  50  5:04  Drone  
  50  5:24  Queen  
  50  5:28  Drone x6  
  58  5:42  Hatchery  
  57  5:47  Drone x3  
  57  5:49  Overlord x2  
  60  6:00  Queen  
  62  6:11  Extractor  
  62  6:13  Extractor  
  62  6:15  Drone x2, Spire  
  62  6:16  Drone  
  62  6:17  Mutalisk x7  
  62  6:18  Mutalisk x3  
  76  6:20  Overlord x2  
  76  6:24  Zerg Flyer Weapons Level 1  
  82  6:28  Overlord  
  82  6:29  Overlord  
  82  6:49  Drone x2, Mutalisk  
  82  6:50  Mutalisk x4  
  94  6:57  Drone  
  94  6:58  Drone x6  
  101  7:06  Drone x3  
  101  7:07  Drone x3  
  107  7:27  Zerg Flyer Armor Level 1  
  107  7:41  Drone  
  107  7:42  Drone x2  
  110  7:44  Drone x2  
  110  7:45  Drone  
  110  7:48  Extractor x2  
  111  7:58  Mutalisk x4  
  111  8:02  Overlord x4  
  111  8:03  Overlord x4  
  103  8:45  Mutalisk x2  
  103  8:46  Mutalisk x7  
  103  8:47  Mutalisk  
  121  9:00  Mutalisk x2  
  121  9:01  Mutalisk x6  
  135  9:06  Drone x3  
  138  9:17  Overlord x3  
  138  9:37  Mutalisk x2  
  138  9:38  Mutalisk x6  
  144  9:40  Hatchery  
  147  10:10  Mutalisk x5  
  147  10:11  Mutalisk x2  
  159  10:37  Mutalisk x4  
  159  10:38  Mutalisk x2  
  171  10:44  Drone x4  
  171  10:45  Drone x2  
  177  10:56  Drone  
  178  10:58  Queen  
  180  11:04  Zerg Flyer Armor Level 2  
  180  11:21  Extractor  
  135  11:33  Mutalisk  
  135  11:34  Mutalisk x6  
  135  11:35  Mutalisk x3  
  135  11:39  Extractor  
  154  12:07  Zerg Flyer Weapons Level 2  
  154  12:14  Infestation Pit  
  153  12:20  Mutalisk x5  
  153  12:21  Mutalisk x5  
  125  12:56  Mutalisk  
  125  12:57  Mutalisk x6  
  125  12:58  Mutalisk x3  
  131  13:15  Mutalisk x4  
  131  13:18  Zergling x4  
  131  13:19  Zergling x14  
  147  13:20  Zergling x12  
  147  13:21  Zergling x12  
  147  13:22  Zergling x10  
  155  13:40  Hatchery  
  150  13:42  Hatchery, Queen  
  150  13:45  Hatchery  
  128  14:15  Mutalisk x4  
  128  14:16  Mutalisk x7  
  128  14:17  Mutalisk x4  
  146  14:18  Queen  
  120  14:43  Mutalisk x4  
Show
View Real Time Build Order
Export as new Build Order

Nepust Protoss 

Build Orders: 1 Gate Expand 

Get SALT Encoding   

  12  0:02  Probe (Chrono Boost)  
  13  0:22  Probe (Chrono Boost)  
  13  0:26  Pylon  
  14  0:32  Probe (Chrono Boost)  
  15  0:44  Probe (Chrono Boost)  
  15  0:48  Gateway  
  16  0:58  Probe (Chrono Boost)  
  16  1:01  Assimilator  
  17  1:08  Probe (Chrono Boost)  
  18  1:28  Probe (Chrono Boost)  
  19  1:35  Nexus  
  19  1:39  Cybernetics Core  
  19  1:41  Probe (Chrono Boost)  
  20  1:53  Probe (Chrono Boost)  
  21  1:55  Assimilator  
  21  2:03  Probe (Chrono Boost)  
  22  2:14  Probe (Chrono Boost)  
  23  2:38  Pylon, Warp Gate  
  23  2:47  Mothership Core (Chrono Boost)  
  23  2:50  Pylon  
  25  2:57  Stargate  
  25  2:59  Pylon  
  25  3:03  Probe (Chrono Boost)  
  26  3:07  Stalker (Chrono Boost)  
  27  3:27  Probe  
  28  3:37  Probe  
  27  3:47  Probe  
  28  3:52  Probe  
  28  3:59  Probe  
  28  4:01  Oracle (Chrono Boost)  
  31  4:02  Probe  
  31  4:05  Stalker (Chrono Boost)  
  34  4:11  Probe  
  34  4:13  Probe  
  36  4:23  Probe  
  37  4:26  Gateway  
  37  4:33  Probe  
  37  4:34  Phoenix (Chrono Boost)  
  37  4:35  Probe  
  41  4:43  Probe  
  42  4:52  Probe  
  43  4:54  Probe  
  43  4:55  Assimilator  
  43  4:57  Phoenix (Chrono Boost)  
  45  5:04  Probe  
  46  5:37  Phoenix (Chrono Boost)  
  48  5:43  Gateway  
  48  5:46  Pylon  
  48  5:48  Pylon  
  48  5:51  Pylon  
  48  5:52  Probe  
  48  5:53  Probe  
  48  5:55  Pylon  
  48  5:56  Assimilator  
  50  5:58  Phoenix (Chrono Boost)  
  50  6:02  Probe  
  53  6:05  Probe  
  54  6:13  Probe  
  55  6:18  Stalker x2  
  55  6:20  Phoenix (Chrono Boost)  
  61  6:33  Robotics Facility, Probe  
  62  6:42  Phoenix (Chrono Boost)  
  62  6:44  Twilight Council, Probe  
  65  6:49  Forge  
  65  6:54  Probe  
  66  7:02  Pylon  
  66  7:09  Gateway  
  66  7:10  Gateway  
  66  7:12  Gateway  
  66  7:15  Gateway  
  66  7:17  Gateway  
  66  7:20  Gateway  
  66  7:21  Stalker x3  
  72  7:25  Protoss Ground Weapons Level 1  
  72  7:27  Charge  
  53  8:07  Stalker x3  
  55  8:22  Probe  
  55  8:23  Probe  
  57  8:32  Probe  
  57  8:35  Probe  
  57  8:39  Phoenix (Chrono Boost)  
  57  8:40  Robotics Bay  
  61  8:47  Probe  
  62  9:02  Zealot x2  
  64  9:03  Stalker x3  
  64  9:04  Stalker x3  
  78  9:19  Nexus  
  78  9:39  Zealot x2  
  78  9:40  Stalker x3  
  78  9:43  Sentry x2  
  90  10:33  Probe x2  
  90  10:34  Probe  
  93  10:36  Pylon  
  93  10:38  Pylon  
  93  10:43  Colossus, Pylon  
  93  10:47  Stalker x5  
  99  11:24  Zealot x3  
  99  11:25  Stalker x4  
  109  11:26  Stalker  
  115  11:43  Protoss Ground Weapons Level 2  
  115  11:46  Templar Archives  
  115  11:55  Probe x2  
  115  11:57  Probe  
  115  11:59  Assimilator  
  64  12:50  Zealot x6  
  64  12:51  Zealot x3  
  62  12:58  Probe x2  
  64  12:59  Probe  
  64  13:05  Assimilator  
  67  13:08  Probe  
  67  13:09  Probe  
  67  13:11  Probe  
  70  13:14  Stalker x5  
  70  13:15  Stalker x4  
  66  13:47  Disruptor  
  59  13:49  Stalker x5  
  63  14:14  Stalker x3  
  63  14:15  Stalker x4  
  77  14:22  Sentry  
  77  14:23  Sentry  
  73  14:43  High Templar x2  
  73  14:44  High Templar  
  59  15:07  Archon  
  59  15:09  Stalker  
Show
View Real Time Build Order
Export as new Build Order

bigzig Terran 

Build Orders: Command Center First (CC) 

Get SALT Encoding   

  12  0:01  SCV  
  13  0:13  SCV  
  14  0:21  Supply Depot  
  14  0:25  SCV  
  15  0:43  SCV  
  16  0:55  SCV  
  17  1:07  Command Center, SCV  
  18  1:16  Barracks  
  18  1:19  SCV  
  19  1:31  SCV  
  20  1:35  Refinery  
  20  1:37  Engineering Bay  
  20  1:43  SCV  
  21  1:47  Refinery  
  21  1:55  SCV  
  22  2:04  Supply Depot  
  22  2:07  Bunker  
  22  2:08  SCV  
  23  2:19  Marine, SCV  
  23  2:20  SCV  
  26  2:32  SCV  
  26  2:33  SCV  
  26  2:36  Marine  
  29  2:41  Factory  
  30  2:44  SCV  
  30  2:45  SCV  
  31  2:54  Marine  
  31  2:56  SCV  
  31  2:58  SCV  
  34  3:08  SCV  
  34  3:10  SCV  
  34  3:12  Marine  
  37  3:13  Supply Depot  
  37  3:14  Building Armor  
  37  3:20  SCV  
  37  3:22  SCV  
  37  3:25  Refinery  
  39  3:30  Refinery  
  39  3:32  SCV  
  41  3:34  SCV  
  41  3:35  Factory Tech Lab  
  41  3:38  Starport, Barracks Tech Lab  
  41  3:41  Supply Depot  
  41  3:44  SCV  
  41  3:46  SCV  
  43  3:55  Siege Tank  
  43  3:57  Marine  
  43  4:00  SCV  
  43  4:01  SCV  
  49  4:12  SCV  
  49  4:13  SCV  
  49  4:16  Starport Reactor  
  51  4:18  Supply Depot  
  51  4:25  SCV, Barracks  
  51  4:26  SCV  
  53  4:34  Marine  
  53  4:35  Combat Shields  
  53  4:37  Siege Tank  
  53  4:38  SCV x2  
  59  4:46  Missile Turret  
  59  4:49  Missile Turret  
  59  4:50  SCV x2  
  61  4:54  Missile Turret  
  61  4:58  Marine  
  62  5:00  Medivac  
  62  5:01  Medivac  
  66  5:09  Supply Depot, Siege Tank  
  66  5:12  SCV  
  70  5:16  Factory  
  70  5:19  Missile Turret  
  70  5:21  Missile Turret  
  70  5:31  Viking x2, Marine, SCV  
  70  5:33  Barracks Reactor  
  76  5:47  Command Center  
  76  5:59  Supply Depot  
  76  6:01  Viking  
  76  6:02  Factory Tech Lab  
  76  6:03  Armory  
  78  6:06  Concussive Shells  
  78  6:21  Viking, Missile Turret, Marine x3, Siege Tank  
  78  6:24  Missile Turret  
  86  6:32  Missile Turret  
  86  6:36  Missile Turret  
  86  6:38  Refinery  
  86  6:51  Supply Depot  
  86  6:54  Supply Depot  
  86  6:55  Supply Depot  
  86  6:58  Medivac x2, Marine x3  
  86  6:59  Siege Tank x2  
  99  7:16  Marine x2, SCV  
  99  7:17  Marauder, SCV x2  
  106  7:28  Medivac, SCV  
  109  7:34  Marine x2  
  109  7:36  SCV  
  109  7:37  SCV  
  113  7:40  Marauder, Siege Tank x2  
  113  7:41  Medivac  
  123  7:52  Marine x2  
  125  7:59  Viking  
  125  8:05  Marine  
  115  8:09  Marine x2  
  110  8:20  Medivac, Siege Tank x2  
  110  8:24  Marauder  
  114  8:27  Marine x2  
  114  8:29  Viking  
  114  8:30  Refinery  
  118  8:36  Supply Depot, Missile Turret  
  118  8:45  Marauder, Marine  
  121  8:49  Stimpack  
  120  8:56  Thor  
  123  9:06  Marauder  
  123  9:09  SCV  
  126  9:10  Viking x2  
  126  9:11  Marine x2  
  132  9:19  Missile Turret  
  132  9:29  Marine  
  133  9:39  Supply Depot  
  133  9:44  Supply Depot  
  133  9:47  Starport  
  133  9:48  Starport  
  133  10:01  Marine x2, Thor  
  133  10:06  Marauder  
  143  10:18  Marine  
  143  10:19  Marine  
  145  10:27  Marine  
  146  10:36  Marine  
  146  10:37  Marine  
  148  10:43  Starport Reactor  
  148  10:44  Starport Tech Lab  
  148  10:46  Supply Depot  
  148  10:48  Missile Turret  
  148  10:51  Missile Turret  
  148  10:55  Supply Depot x2  
  148  10:57  Supply Depot  
  148  10:58  Missile Turret  
  148  11:06  Thor  
  148  11:08  Thor  
  148  11:10  Planetary Fortress  
  146  11:25  Missile Turret  
  145  11:26  Missile Turret  
  141  11:36  Marine x2  
  141  11:37  Marine  
  144  11:40  Medivac x3, Viking x2  
  144  11:47  Missile Turret, SCV x2  
  156  11:59  SCV  
  156  12:00  Orbital Command  
  157  12:02  Marine x2  
  157  12:03  Marine  
  157  12:04  Thor x2  
  172  12:10  Medivac, Viking x3  
  172  12:12  Viking  
  172  12:15  Missile Turret  
  178  12:20  Marine x3  
  174  12:38  Marine x2  
  174  12:40  Viking x4  
  155  12:47  Thor x2  
  165  12:55  Marine  
  165  12:56  Marine x2  
  168  13:14  Command Center  
  167  13:37  Marine  
  167  13:38  Marine  
  157  14:21  Marine x2  
  157  14:22  Marine  
  132  14:39  Marine x3  
  135  14:55  Missile Turret  
  135  14:57  Marine x3  
  127  15:15  Marine x2  
Show
View Real Time Build Order
Export as new Build Order

CptCanuck Terran 

Build Orders:  

Get SALT Encoding   

  12  0:02  SCV  
  13  0:14  SCV  
  14  0:26  SCV  
  15  0:32  Supply Depot  
  15  0:54  SCV  
  16  1:03  Refinery  
  16  1:05  Barracks  
  16  1:18  SCV  
  17  1:30  SCV  
  18  1:42  SCV  
  19  1:59  Orbital Command  
  19  2:00  Reaper  
  20  2:25  SCV  
  21  2:36  Reaper  
  22  2:53  Command Center  
  22  2:57  Command Center  
  22  2:59  SCV  
  22  3:04  Barracks  
  23  3:58  SCV  
  23  4:08  Barracks Reactor  
  23  4:10  Barracks Tech Lab  
  23  4:11  Factory, Barracks Reactor  
  23  4:13  SCV  
  23  4:14  Refinery  
  23  4:16  Orbital Command  
  24  4:21  SCV  
  25  4:25  SCV  
  25  4:31  Marauder  
  28  4:32  Stimpack  
  28  4:33  SCV  
  28  4:37  SCV  
  30  4:42  Supply Depot x2  
  30  4:43  Supply Depot  
  31  4:45  SCV  
  31  4:48  Engineering Bay  
  31  4:49  SCV  
  31  4:50  Engineering Bay  
  31  4:52  Marauder  
  34  4:57  SCV  
  35  5:00  SCV  
  35  5:01  SCV  
  35  5:04  Factory Tech Lab  
  37  5:09  SCV  
  37  5:13  Marine, SCV  
  37  5:18  Missile Turret  
  35  5:22  Terran Infantry Armor Level 1, Terran Infantry Weapons Level 1  
  35  5:25  Missile Turret  
  31  5:36  SCV x3  
  34  5:47  Starport  
  34  5:48  SCV x3  
  37  5:54  Missile Turret  
  37  6:00  SCV x3  
  40  6:06  Siege Tank  
  43  6:12  SCV x2  
  43  6:16  SCV  
  46  6:20  Refinery  
  46  6:23  Refinery  
  46  6:24  SCV  
  47  6:28  Supply Depot  
  48  6:54  SCV x2  
  48  6:55  Liberator  
  49  7:05  Missile Turret  
  49  7:06  SCV x2  
  51  7:11  Marauder, Marine x2  
  51  7:12  Siege Tank  
  61  7:26  Missile Turret  
  61  7:27  Missile Turret  
  61  7:28  Marine  
  61  7:29  Marine  
  63  7:32  Marauder  
  65  7:39  Barracks x2  
  65  7:40  Barracks  
  65  7:43  SCV, Barracks  
  65  7:44  SCV, Siege Tank  
  67  7:46  Marine  
  71  7:53  Marauder  
  71  7:55  Viking  
  71  7:56  SCV x2  
  76  8:08  SCV x2  
  60  8:27  Command Center  
  56  8:53  Marine x4  
  56  8:54  Marine  
  63  8:56  Missile Turret  
  63  8:58  Missile Turret  
  63  8:59  SCV x2  
  63  9:01  Missile Turret  
  63  9:11  Marine x5  
  68  9:22  Barracks Reactor  
  68  9:25  Starport  
  68  9:40  Liberator x2  
  68  9:54  Liberator  
  67  10:00  Supply Depot  
  67  10:01  Supply Depot x2  
  67  10:05  Supply Depot  
  59  10:20  Marine, Reaper x2  
  62  10:22  Liberator x2  
  56  10:36  Liberator  
  56  10:38  Marine  
  63  10:43  Missile Turret  
  63  10:44  Missile Turret x2  
  63  10:47  Missile Turret  
  63  10:52  Marine x2  
  63  10:56  Marine  
  69  11:05  Liberator x2  
  69  11:12  Missile Turret  
  69  11:14  Missile Turret  
  69  11:15  Missile Turret  
  69  11:16  Missile Turret  
  69  11:19  Liberator  
  72  11:35  Widow Mine  
  72  11:37  Marine x3  
  80  11:41  Marine x2  
  80  11:42  Marine x2  
  80  11:44  SCV  
  80  11:46  SCV  
  86  11:48  Liberator  
  86  11:53  Refinery  
  86  11:54  Marine  
  86  11:55  Refinery, Marine x2  
  86  11:57  SCV  
  86  11:58  SCV  
  86  12:01  Marine x3  
  93  12:02  Liberator  
  93  12:04  Widow Mine  
  93  12:05  Medivac  
  101  12:08  Barracks Tech Lab  
  101  12:12  Marine x2  
  101  12:13  Marine  
  104  12:18  Liberator  
  107  12:32  Widow Mine  
  101  13:42  Liberator x3  
  98  14:12  Marauder, Marine x6  
  106  14:22  Command Center  
  106  14:25  Liberator x3  
  106  14:29  Marine  
  106  14:30  Marine x5  
  112  14:33  Marauder  
  123  15:00  Marine x2  
  123  15:02  Marine x3  
  123  15:03  Marine x2  
Tags
 
Add a new tag
Caveats
  • Supply blocks, unpowered buildings, or Contaminate may cause inaccurate times.
  • Supply counts are checked every 10 seconds.